 Dungeon Crawl Stone Soup version 0.24-a0-584-g9d6b971ae4 (webtiles) character file.

Game seed: 13080867247787330147, levelgen mode: deterministic

958 Gargoyl the Covered (level 7, -2/88 HPs)
             Began as a Centaur Abyssal Knight on Sept 6, 2019.
             Was a Priest of Lugonu.
             Slain by Prince Ribbit (16 damage)
             ... on level 4 of the Dungeon.
             The game lasted 00:06:28 (5322 turns).

Gargoyl the Covered (Centaur Abyssal Knight)        Turns: 5322, Time: 00:06:28

Health: -2/88      AC:  7    Str: 20    XL:     7   Next: 91%
Magic:  10/10      EV:  8    Int: 11    God:    Lugonu [***...]
Gold:   206        SH:  0    Dex: 10    Spells: 6/6 levels left

rFire    . . .     SeeInvis .   a - +2 hand axe
rCold    + + .     Gourm    .   (no shield)
rNeg     . . .     Faith    .   f - +0 scale mail {rC+}
rPois    .         Spirit   .   (no helmet)
rElec    .         Reflect  .   (no cloak)
rCorr    .         Harm     .   (no gloves)
MR       .....                  (no barding)
Stlth    ..........             o - amulet of rage
HPRegen  0.24/turn              e - ring of protection from cold
MPRegen  0.12/turn              (no ring)

@: berserking, very quick
A: large, hooves 3, deformed body, speed 2, tough skin 3
a: Depart the Abyss, Bend Space, Banish, Renounce Religion, Evoke Berserk Rage


You were on level 4 of the Dungeon.
You worshipped Lugonu.
Lugonu was most pleased with you.
You were near starving.

You visited 1 branch of the dungeon, and saw 5 of its levels.
You visited the Abyss 1 time.

You collected 206 gold pieces.

Inventory:

Hand Weapons
 a - a +2 hand axe (weapon)
Missiles
 g - 3 boomerangs (quivered)
Armour
 f - a +0 scale mail of cold resistance (worn)
Jewellery
 e - a ring of protection from cold (left hand)
 j - an uncursed ring of ice
 o - an amulet of rage (around neck)
Scrolls
 h - a scroll of identify
 m - 2 scrolls of remove curse
 n - a scroll of teleportation
Potions
 b - 2 potions of brilliance
 i - a potion of haste
 k - a potion of heal wounds {unknown}
 p - 2 potions of mutation {unknown}
 q - 2 potions of curing {unknown}
Comestibles
 c - 10 rations


   Skills:
 + Level 4.1 Fighting
 + Level 4.3 Axes
 + Level 0.5 Throwing
 * Level 4.3 Armour
 * Level 2.6 Dodging
 * Level 4.0 Invocations


You had 6 spell levels left.
You didn't know any spells.
Your spell library was empty.

Dungeon Overview and Level Annotations

Branches:
Dungeon (5/15)             Temple (0/1) D:5

Altars:
Trog
Uskayaw

Annotations:
D:4 Prince Ribbit


Innate Abilities, Weirdness & Mutations

You have hooves in place of feet.
Armour fits poorly on your strangely shaped body.
You cover ground very quickly.
You have extremely tough skin. (AC +3)


Message History

Prince Ribbit hits you but does no damage.
There is a stone staircase leading up, spattered with blood here.
You see here a scroll of amnesia.
Prince Ribbit hits you!
You climb upwards.
You are near starving!
There is a stone staircase leading down here.
A red film seems to cover your vision as you go berserk!
You feel yourself moving faster!
You feel mighty! Prince Ribbit hits you!
Prince Ribbit croaks regally.
Prince Ribbit hits you.
You miss Prince Ribbit. Prince Ribbit hits you.
You miss Prince Ribbit. Prince Ribbit hits you.
* * * LOW HITPOINT WARNING * * *
You closely miss Prince Ribbit. Prince Ribbit hits you!
* * * LOW HITPOINT WARNING * * *
You hit Prince Ribbit.
Prince Ribbit is lightly wounded.
Prince Ribbit hits you!
You die...

### ## #### ###.# ### .#
########..# #(..####.# .#
#.##...#..# #######...#.#### .#
#...####..# #.# ##....##... .#
##.## #..# #.# #.....##... .#
#.#####..## #.####.###.###.. .#
#.........####.##...###.# #.. .##
##..........@.....#..##.# #..
..####.........F.##.####..#.###..
....#......##.....#.# ##...##...
.##.......####......# ##.......
####......#####.....## ###......#
# ##.......####.....###........#
#.>......#.....#............#
##...........#..####....##....
#..###....####..# #...###..#.


You could see Prince Ribbit.

Vanquished Creatures
  Grinder (D:3)
  2 phantoms (D:5)
  An ogre (D:5)
  A scorpion (D:5)
  A howler monkey (D:2)
  An orc wizard (D:4)
  Jessica (D:2)
  2 worker ants (D:4)
  Ijyb (D:4)
  Natasha (thrice) (D:3)
  A hound skeleton (D:4)
  3 gnolls (D:3)
  5 adders
  A shadow imp (D:5)
  2 oozes
  An adder skeleton (D:5)
  3 dart slugs
  A worm (D:3)
  3 leopard geckos
  7 orcs
  6 giant cockroaches
  5 hobgoblins (D:1)
  3 jackals (D:1)
  3 quokkas
  8 bats
  5 frilled lizards
  7 goblins
  A jackal skeleton (D:5)
  6 kobolds
  A leopard gecko zombie (D:4)
  6 rats
92 creatures vanquished.

Notes
Turn   | Place    | Note
-------+----------+-------------------------------------------
     0 | Abyss:1  | Gargoyl the Centaur Abyssal Knight began the quest for the
                  | Orb.
     0 | Abyss:1  | Reached XP level 1. HP: 19/19 MP: 2/2
    56 | Abyss:2  | Found a corrupted altar of Lugonu.
    98 | Abyss:3  | Noticed a polar bear
    98 | Abyss:3  | a shapeshifter changed into a polar bear
    98 | Abyss:3  | Noticed a fire crab
    98 | Abyss:3  | a shapeshifter changed into a fire crab
    98 | Abyss:3  | Noticed a yaktaur
    98 | Abyss:3  | a shapeshifter changed into a yaktaur
    98 | Abyss:3  | Noticed a raiju
    98 | Abyss:3  | Noticed a tormentor
    98 | Abyss:3  | Noticed a shadow demon
    98 | Abyss:3  | Noticed a shadow demon
   100 | D:1      | Escaped the Abyss
   296 | D:1      | Reached XP level 2. HP: 23/26 MP: 3/3
   321 | D:1      | Reached * piety under Lugonu
   532 | D:1      | Reached skill level 1 in Dodging
   801 | D:1      | Reached XP level 3. HP: 31/31 MP: 4/4
  1128 | D:2      | Reached XP level 4. HP: 36/38 MP: 5/5
  1681 | D:2      | Noticed Jessica
  1688 | D:2      | Killed Jessica
  1910 | D:3      | Reached XP level 5. HP: 20/45 MP: 7/7
  1913 | D:3      | Reached ** piety under Lugonu
  2007 | D:3      | Noticed Natasha
  2020 | D:3      | Killed Natasha
  2194 | D:3      | Noticed Natasha
  2202 | D:3      | Killed Natasha
  2247 | D:3      | Noticed Grinder
  2476 | D:3      | Killed Grinder
  2476 | D:3      | Reached XP level 6. HP: 52/52 MP: 8/8
  2550 | D:3      | Noticed Natasha
  2555 | D:3      | Killed Natasha
  3053 | D:4      | Noticed Ijyb
  3113 | D:4      | Killed Ijyb
  3211 | D:4      | Noticed a +0 dagger
  3212 | D:4      | Found a hide-covered altar of Uskayaw.
  3212 | D:4      | Noticed a +0 hand axe
  3478 | D:4      | Reached XP level 7. HP: 40/58 MP: 9/9
  3877 | D:4      | Found a bloodstained altar of Trog.
  4560 | D:5      | Entered Level 5 of the Dungeon
  4594 | D:4      | Reached *** piety under Lugonu
  5171 | D:5      | Found a staircase to the Ecumenical Temple.
  5173 | D:5      | Noticed Prince Ribbit
  5322 | D:4      | Slain by Prince Ribbit

Levels and vault maps discovered:
D:1:      lemuel_arrival_rhombus, layout_basic, serial_bayou_ford_a
D:2:      layout_loops_corners, uniq_jessica
D:3:      layout_basic, first_ration, uniq_grinder, uniq_natasha
D:4:      minmay_diamond_boxcup, layout_layer_cave, bloody_trog,
          dancing_weapons_uskayaw, uniq_ijyb
D:5:      layout_cave_pools, temple_statues, nrook_uturn,
          kennysheep_generic_room_14, uniq_prince_ribbit1, uniq_blork_the_orc

Skill      XL: |  1  2  3  4  5  6  7 |
---------------+----------------------+-----
Dodging        | 1 2 |  2.6
Axes           | 2 3 4 |  4.3
Armour         | 2 3 4 |  4.3
Invocations    | 3 4 |  4.0
Fighting       | 4 |  4.1
Throwing       | |  0.5

Action                   |  1- 3 |  4- 6 |  7- 9 || total
-------------------------+-------+-------+-------++-------
Melee: Hand axe          |    77 |   126 |    92 ||   295
       Kick              |     9 |    26 |    21 ||    56
       Unarmed           |       |    43 |       ||    43
Throw: Boomerang         |       |       |    21 ||    21
Invok: Depart the Abyss  |     1 |       |       ||     1
  Use: Scroll            |     4 |     3 |     4 ||    11
       Potion            |       |     2 |     1 ||     3
  Eat: Chunk             |       |     6 |     4 ||    10
Armor: Scale mail        |    54 |    54 |    42 ||   150
       Skin              |       |     5 |       ||     5
Dodge: Dodged            |    44 |    59 |    33 ||   136

Table legend:
 A = Non-vault XP
 B = Vault XP
 C = Vault XP percentage of total XP
 D = Non-vault monster count
 E = Vault monster count
 F = Vault count percentage of total count
                 A         B        C        D         E       F
            +---------+---------+-------+---------+---------+-------
      Total |     900 |     469 |  34.3 |      83 |       9 |   9.8
            +---------+---------+-------+---------+---------+-------
        D:1 |      57 |       0 |   0.0 |      29 |       0 |   0.0
        D:2 |      77 |      37 |  32.5 |       7 |       1 |  12.5
        D:3 |     175 |     330 |  65.3 |      27 |       2 |   6.9
        D:4 |     121 |     102 |  45.7 |       9 |       6 |  40.0
        D:5 |     470 |       0 |   0.0 |      11 |       0 |   0.0
            +---------+---------+-------+---------+---------+-------
